| TOP OF THE 1ST |
|
Oklahoma City 89ers batting - Pitching for Wichita Aeros : LHP Darrell Jackson
|
|
Pitching: LHP Darrell Jackson
|
|
|
Batting: RHB John Christensen
|
0-0: Ball 1-0: Called Strike 1-1: Fly out, F8 (Flyball, 8LS, EV 91.9 MPH)
|
|
Batting: RHB Richard Howard
|
0-0: Called Strike 0-1: SINGLE (Groundball, 25, EV 66.9 MPH) (infield hit)
|
|
Batting: RHB Cecil Fielder
|
0-0: Ball 1-0: SINGLE (Line Drive, 78S, EV 101.9 MPH) Richard Howard to second
|
|
Batting: RHB Glenn Braggs
|
0-0: Ball 1-0: Ball 2-0: Ball 3-0: Called Strike 3-1: Base on Balls Richard Howard to third Cecil Fielder to second
|
|
Batting: RHB Tim Tolman
|
0-0: Ball 1-0: Swinging Strike 1-1: Foul Ball, location: 2F 1-2: SINGLE (Line Drive, 78S, EV 111.9 MPH) Richard Howard scores Cecil Fielder to third Glenn Braggs to second Runner from 3rd tries for Home, SAFE, throw by LF to home
|
|
Batting: RHB Nick Esasky
|
0-0: Called Strike 0-1: Fly out, F4 (Popup, 4, EV 67.5 MPH)
|
|
Batting: RHB Joe Redfield
|
0-0: SINGLE (Groundball, 56D, EV 101.9 MPH) Glenn Braggs to third Tim Tolman to second Runner from 3rd tries for Home, SAFE, throw by LF to home
|
|
Batting: RHB Danny Jasso
|
0-0: Swinging Strike 0-1: Ball 1-1: Called Strike 1-2: Strikes out looking
|
| Top of the 1st over - 3 runs, 4 hits, 0 errors, 2 left on base; Oklahoma City 3 - Wichita 0 |
| BOTTOM OF THE 1ST |
|
Wichita Aeros batting - Pitching for Oklahoma City 89ers : LHP Mark Langston
|
|
Pitching: LHP Mark Langston
|
|
|
Batting: LHB Omar Guerrero
|
0-0: Called Strike 0-1: Foul Ball, location: 2F 0-2: Strikes out swinging
|
|
Batting: RHB Greg Cypret
|
0-0: Ball 1-0: Ground out 4-3 (Groundball, 34, EV 83.8 MPH)
|
|
Batting: RHB Bill Schroeder
|
0-0: Foul Ball, location: 2F 0-1: Ball 1-1: Called Strike 1-2: Ground out 4-3 (Groundball, 4S, EV 66.9 MPH)
|
| Bottom of the 1st over - 0 runs, 0 hits, 0 errors, 0 left on base; Oklahoma City 3 - Wichita 0 |
| TOP OF THE 2ND |
|
Oklahoma City 89ers batting - Pitching for Wichita Aeros : LHP Darrell Jackson
|
|
Batting: RHB Robert Bailey
|
0-0: Called Strike 0-1: Hit by Pitch
|
|
Batting: RHB John Christensen
|
0-0: Ball 1-0: Called Strike 1-1: Foul Ball, location: 2F 1-2: Ball 2-2: Ball 3-2: Strikes out swinging
|
|
Batting: RHB Richard Howard
|
0-0: Ball 1-0: Foul Ball, location: 2F 1-1: Called Strike 1-2: Fly out, F7 (Flyball, 7S, EV 94.4 MPH)
|
|
Batting: RHB Cecil Fielder
|
0-0: Foul Ball, location: 2F 0-1: Ball 1-1: Foul Ball, location: 2F 1-2: Ball 2-2: SINGLE (Groundball, 4MD, EV 102.5 MPH) Robert Bailey to second Runner from 2nd tries for 3rd, SAFE, throw by CF made to third
|
|
Batting: RHB Glenn Braggs
|
0-0: Called Strike 0-1: Called Strike 0-2: Strikes out swinging
|
| Top of the 2nd over - 0 runs, 1 hit, 0 errors, 2 left on base; Oklahoma City 3 - Wichita 0 |
| BOTTOM OF THE 2ND |
|
Wichita Aeros batting - Pitching for Oklahoma City 89ers : LHP Mark Langston
|
|
Batting: RHB Gary House
|
0-0: Ball 1-0: Called Strike 1-1: Swinging Strike 1-2: Strikes out swinging
|
|
Batting: LHB Glenn Gulliver
|
0-0: Foul Ball, location: 2F 0-1: SINGLE (Line Drive, 7S, EV 102.5 MPH)
|
|
Batting: LHB Jim F Weaver
|
0-0: Called Strike 0-1: Swinging Strike 0-2: Ball 1-2: Foul Ball, location: 2F 1-2: Ball 2-2: Ball 3-2: Foul Ball, location: 2F 3-2: Base on Balls Glenn Gulliver to second
|
|
Batting: LHB James Pellack
|
0-0: Ball 1-0: Swinging Strike 1-1: Grounds into double play, 6-4-3 (Groundball, 6, EV 85.6 MPH)
|
| Bottom of the 2nd over - 0 runs, 1 hit, 0 errors, 1 left on base; Oklahoma City 3 - Wichita 0 |
| TOP OF THE 3RD |
|
Oklahoma City 89ers batting - Pitching for Wichita Aeros : LHP Darrell Jackson
|
|
Batting: RHB Tim Tolman
|
0-0: Foul Ball, location: 2F 0-1: Ball 1-1: Foul Ball, location: 2F 1-2: Ball 2-2: Ground out 6-3 (Groundball, 6, EV 105.6 MPH)
|
|
Batting: RHB Nick Esasky
|
0-0: Ball 1-0: Called Strike 1-1: Called Strike 1-2: Foul Ball, location: 2F 1-2: Foul Ball, location: 2F 1-2: Foul Ball, location: 2F 1-2: Fly out, F4 (Flyball, 34D, EV 88.8 MPH)
|
|
Batting: RHB Joe Redfield
|
0-0: Ground out U3 (Groundball, 13, EV 86.9 MPH)
|
| Top of the 3rd over - 0 runs, 0 hits, 0 errors, 0 left on base; Oklahoma City 3 - Wichita 0 |
| BOTTOM OF THE 3RD |
|
Wichita Aeros batting - Pitching for Oklahoma City 89ers : LHP Mark Langston
|
|
Batting: RHB Julio Collazo
|
0-0: Ball 1-0: Ball 2-0: Foul Ball, location: 2F 2-1: Ball 3-1: Base on Balls
|
|
Batting: LHB Jesus Ramos
|
0-0: Foul Ball, location: 2F 0-1: Called Strike 0-2: Strikes out swinging
|
|
Batting: LHB Omar Guerrero
|
0-0: Foul Ball, location: 2F 0-1: Foul Ball, location: 2F 0-2: Foul Ball, location: 2F 0-2: Foul Ball, location: 2F 0-2: Foul Ball, location: 2F 0-2: Ball 1-2: Fly out, F8 (Flyball, 8LM, EV 77.5 MPH)
|
|
Batting: RHB Greg Cypret
|
0-0: Called Strike 0-1: Called Strike 0-2: Ball 1-2: Fly out, F7 (Flyball, 7LS, EV 84.4 MPH)
|
| Bottom of the 3rd over - 0 runs, 0 hits, 0 errors, 1 left on base; Oklahoma City 3 - Wichita 0 |
| TOP OF THE 4TH |
|
Oklahoma City 89ers batting - Pitching for Wichita Aeros : LHP Darrell Jackson
|
|
Batting: RHB Danny Jasso
|
0-0: Ball 1-0: Foul Ball, location: 2F 1-1: Foul Ball, location: 2F 1-2: Ball 2-2: Fly out, F9 (Flyball, 9S, EV 91.3 MPH)
|
|
Batting: RHB Robert Bailey
|
0-0: Ball 1-0: Swinging Strike 1-1: Ball 2-1: Swinging Strike 2-2: Ground out 6-3 (Groundball, 6M, EV 78.1 MPH)
|
|
Batting: RHB John Christensen
|
0-0: Foul Ball, location: 2F 0-1: Foul Ball, location: 2F 0-2: Ball 1-2: Strikes out swinging
|
| Top of the 4th over - 0 runs, 0 hits, 0 errors, 0 left on base; Oklahoma City 3 - Wichita 0 |
| BOTTOM OF THE 4TH |
|
Wichita Aeros batting - Pitching for Oklahoma City 89ers : LHP Mark Langston
|
|
Batting: RHB Bill Schroeder
|
0-0: Ball 1-0: Foul Ball, location: 2F 1-1: Swinging Strike 1-2: Fly out, F7 (Flyball, 78D, EV 93.1 MPH)
|
|
Batting: RHB Gary House
|
0-0: Ball 1-0: Called Strike 1-1: Foul Ball, location: 2F 1-2: Ground out 2-3 (Groundball, 2L, EV 64.4 MPH)
|
|
Batting: LHB Glenn Gulliver
|
0-0: Foul Ball, location: 2F 0-1: Foul Ball, location: 2F 0-2: Ball 1-2: Foul Ball, location: 2F 1-2: Foul Ball, location: 2F 1-2: Foul Ball, location: 2F 1-2: Strikes out looking
|
| Bottom of the 4th over - 0 runs, 0 hits, 0 errors, 0 left on base; Oklahoma City 3 - Wichita 0 |
| TOP OF THE 5TH |
|
Oklahoma City 89ers batting - Pitching for Wichita Aeros : LHP Darrell Jackson
|
|
Batting: RHB Richard Howard
|
0-0: Ball 1-0: Ground out 6-3 (Groundball, 6M, EV 86.9 MPH)
|
|
Batting: RHB Cecil Fielder
|
0-0: Foul Ball, location: 2F 0-1: SINGLE (Line Drive, 6D, EV 95.0 MPH)
|
|
Batting: RHB Glenn Braggs
|
0-0: Fielders Choice at 2nd, 4-6 (Groundball, 34, EV 90.0 MPH)
|
|
Batting: RHB Tim Tolman
|
0-0: Ball 1-0: Ball 2-0: Ball 3-0: Base on Balls Glenn Braggs to second
|
|
Batting: RHB Nick Esasky
|
0-0: Ball 1-0: Fielders Choice at 2nd, 6-4 (Groundball, 56, EV 78.1 MPH)
|
| Top of the 5th over - 0 runs, 1 hit, 0 errors, 2 left on base; Oklahoma City 3 - Wichita 0 |
| BOTTOM OF THE 5TH |
|
Wichita Aeros batting - Pitching for Oklahoma City 89ers : LHP Mark Langston
|
|
Batting: LHB Jim F Weaver
|
0-0: Ball 1-0: Foul Ball, location: 2F 1-1: Fly out, F8 (Flyball, 8LXD, EV 95.6 MPH)
|
|
Batting: LHB James Pellack
|
0-0: Called Strike 0-1: Foul Ball, location: 2F 0-2: Fly out, F8 (Flyball, 89D, EV 100.6 MPH)
|
|
Batting: RHB Julio Collazo
|
0-0: Called Strike 0-1: Foul Ball, location: 2F 0-2: Ball 1-2: Fly out, F1 (Line Drive, P, EV 71.3 MPH)
|
| Bottom of the 5th over - 0 runs, 0 hits, 0 errors, 0 left on base; Oklahoma City 3 - Wichita 0 |
| TOP OF THE 6TH |
|
Oklahoma City 89ers batting - Pitching for Wichita Aeros : LHP Darrell Jackson
|
|
Batting: RHB Joe Redfield
|
0-0: Ball 1-0: Ground out 6-3 (Groundball, 56, EV 90.0 MPH)
|
|
Batting: RHB Danny Jasso
|
0-0: Ball 1-0: Ground out U3 (Groundball, 3L, EV 85.6 MPH)
|
|
Batting: RHB Robert Bailey
|
0-0: Foul Ball, location: 2F 0-1: Ball 1-1: Foul Ball, location: 2F 1-2: Foul Ball, location: 2F 1-2: Fly out, F3 (Line Drive, 3, EV 66.9 MPH)
|
| Top of the 6th over - 0 runs, 0 hits, 0 errors, 0 left on base; Oklahoma City 3 - Wichita 0 |
| BOTTOM OF THE 6TH |
|
Wichita Aeros batting - Pitching for Oklahoma City 89ers : LHP Mark Langston
|
|
Batting: LHB Jesus Ramos
|
0-0: Ball 1-0: Foul Ball, location: 2F 1-1: Ball 2-1: Swinging Strike 2-2: Strikes out looking
|
|
Batting: LHB Omar Guerrero
|
0-0: Ball 1-0: Fly out, F5 (Popup, 56S, EV 75.6 MPH)
|
|
Batting: RHB Greg Cypret
|
0-0: Fly out, F8 (Flyball, 8RD, EV 93.8 MPH)
|
| Bottom of the 6th over - 0 runs, 0 hits, 0 errors, 0 left on base; Oklahoma City 3 - Wichita 0 |
| TOP OF THE 7TH |
|
Oklahoma City 89ers batting - Pitching for Wichita Aeros : LHP Darrell Jackson
|
|
Batting: RHB John Christensen
|
0-0: Ball 1-0: Ground out 2-3 (Groundball, 15S, EV 69.4 MPH)
|
|
Batting: RHB Richard Howard
|
0-0: Called Strike 0-1: Foul Ball, location: 2F 0-2: Ball 1-2: Ball 2-2: Ball 3-2: Foul Ball, location: 2F 3-2: Ground out 6-3 (Groundball, 6D, EV 97.5 MPH)
|
|
Batting: RHB Cecil Fielder
|
0-0: Fly out, F8 (Flyball, 8LD, EV 95.6 MPH)
|
| Top of the 7th over - 0 runs, 0 hits, 0 errors, 0 left on base; Oklahoma City 3 - Wichita 0 |
| BOTTOM OF THE 7TH |
|
Wichita Aeros batting - Pitching for Oklahoma City 89ers : LHP Mark Langston
|
|
Batting: RHB Bill Schroeder
|
0-0: Reached on error, E9 (Flyball, 9S, EV 86.9 MPH)
|
|
Batting: RHB Gary House
|
0-0: Ball 1-0: Grounds into double play, 4-6-3 (Groundball, 4, EV 102.5 MPH)
|
|
Batting: LHB Glenn Gulliver
|
0-0: Called Strike 0-1: Called Strike 0-2: Foul Ball, location: 2F 0-2: Ground out 4-3 (Groundball, 4MS, EV 80.0 MPH)
|
| Bottom of the 7th over - 0 runs, 0 hits, 1 error, 0 left on base; Oklahoma City 3 - Wichita 0 |
| TOP OF THE 8TH |
|
Oklahoma City 89ers batting - Pitching for Wichita Aeros : LHP Darrell Jackson
|
|
Batting: RHB Glenn Braggs
|
0-0: Called Strike 0-1: Swinging Strike 0-2: Ball 1-2: Ball 2-2: Foul Ball, location: 2F 2-2: Foul Ball, location: 2F 2-2: Strikes out looking
|
|
Batting: RHB Tim Tolman
|
0-0: Called Strike 0-1: Fly out, F8 (Flyball, 78XD, EV 91.3 MPH)
|
|
Batting: RHB Nick Esasky
|
0-0: Called Strike 0-1: Ball 1-1: Swinging Strike 1-2: Ball 2-2: Foul Ball, location: 2F 2-2: Foul Ball, location: 2F 2-2: Foul Ball, location: 2F 2-2: Ground out 4-3 (Groundball, 4, EV 96.3 MPH)
|
| Top of the 8th over - 0 runs, 0 hits, 0 errors, 0 left on base; Oklahoma City 3 - Wichita 0 |
| BOTTOM OF THE 8TH |
|
Wichita Aeros batting - Pitching for Oklahoma City 89ers : LHP Mark Langston
|
|
Now in CF: Ron Tingley
|
|
|
Batting: LHB Jim F Weaver
|
0-0: Ball 1-0: Foul Ball, location: 2F 1-1: Foul Ball, location: 2F 1-2: Foul Ball, location: 2F 1-2: Strikes out swinging
|
|
Batting: LHB James Pellack
|
0-0: Called Strike 0-1: Called Strike 0-2: Ground out 4-3 (Groundball, 4D, EV 90.6 MPH)
|
|
Batting: RHB Julio Collazo
|
0-0: Ball 1-0: Ball 2-0: Called Strike 2-1: Ball 3-1: Base on Balls
|
|
Batting: LHB Jesus Ramos
|
0-0: Ball 1-0: Ball 2-0: Fielders Choice at 2nd, 5-4 (Groundball, 5, EV 90.6 MPH)
|
| Bottom of the 8th over - 0 runs, 0 hits, 0 errors, 1 left on base; Oklahoma City 3 - Wichita 0 |
| TOP OF THE 9TH |
|
Oklahoma City 89ers batting - Pitching for Wichita Aeros : LHP Darrell Jackson
|
|
Batting: RHB Joe Redfield
|
0-0: Ball 1-0: Ball 2-0: Called Strike 2-1: Ground out 6-3 (Groundball, 6, EV 86.9 MPH)
|
|
Batting: RHB Danny Jasso
|
0-0: Ball 1-0: Fly out, F9 (Line Drive, 9, EV 93.1 MPH)
|
|
Batting: RHB Robert Bailey
|
0-0: Ball 1-0: Called Strike 1-1: Ball 2-1: Called Strike 2-2: Ground out 5-3 (Groundball, 56, EV 101.3 MPH)
|
| Top of the 9th over - 0 runs, 0 hits, 0 errors, 0 left on base; Oklahoma City 3 - Wichita 0 |
| BOTTOM OF THE 9TH |
|
Wichita Aeros batting - Pitching for Oklahoma City 89ers : LHP Mark Langston
|
|
Batting: LHB Omar Guerrero
|
0-0: Called Strike 0-1: Ground out 5-3 (Groundball, 56S, EV 70.0 MPH)
|
|
Batting: RHB Greg Cypret
|
0-0: Called Strike 0-1: SINGLE (Line Drive, 8LS, EV 103.8 MPH)
|
|
Batting: RHB Bill Schroeder
|
0-0: Ball 1-0: Called Strike 1-1: Fly out, F7 (Flyball, 78D, EV 96.9 MPH)
|
|
Batting: RHB Gary House
|
0-0: Ball 1-0: Ground out 4-3 (Groundball, 34, EV 90.6 MPH)
|
| Bottom of the 9th over - 0 runs, 1 hit, 0 errors, 1 left on base; Oklahoma City 3 - Wichita 0 |
|